 Dungeon Crawl Stone Soup version 0.19-a0-291-ga637243 (webtiles) character file.

3422 beholder the Jinx (level 10, 0/49 HPs)
             Began as a Vine Stalker Enchanter on May 26, 2016.
             Was a Priest of Ukayaw.
             Succumbed to an orc wizard's poison
             ... while paralysed
             ... on level 8 of the Dungeon on May 27, 2016.
             The game lasted 01:04:51 (6086 turns).

beholder the Jinx (Vine Stalker Enchanter)          Turns: 6086, Time: 01:04:52

Health: 0/49       AC:  5    Str: 11    XL:     10   Next: 5%
Magic:  19/20      EV:  2    Int: 18    God:    Ukayaw [***...]
Gold:   418        SH:  0    Dex: 19    Spells: 6 memorised, 5 levels left

rFire  . . .     SeeInvis .     C - +7 Spriggan's Knife {MR+ EV+4 Dex+4 Stlth+}
rCold  . . .     Gourm    +     b - +1 robe
rNeg   + . .     Faith    .     (no shield)
rPois  .         Spirit   +     j - +0 helmet
rElec  .         Dismiss  .     k - +0 cloak
rCorr  .         Reflect  .     (no gloves)
SustAt .         Harm     .     (no boots)
MR     ++...                    h - amulet of the gourmand
Stlth  +++++.....               D - ring of positive energy
                                s - ring of wizardry

@: paralysed, lethally poisoned (0 -> -4), exhausted, very slightly
contaminated, slowed, invisible, very resistant to hostile enchantments, quite
stealthy
A: fangs 3, regeneration 2, magic shield, antimagic bite, no device heal 3, rot
immunity
a: Stomp, Line Pass, Renounce Religion


You were on level 8 of the Dungeon.
You worshipped Ukayaw.
Ukayaw was most pleased with you.
You were very full.

You visited 2 branches of the dungeon, and saw 9 of its levels.
You also visited: Sewer.

You collected 418 gold pieces.

Inventory:

Hand Weapons
 f - a +0 blowgun
 C - the +7 Spriggan's Knife (weapon) {MR+ EV+4 Dex+4 Stlth+}
   (You found it on level 5 of the Dungeon)

   It affects your evasion (+4).
   It affects your dexterity (+4).
   It affects your resistance to hostile enchantments.
   It makes you more stealthy.
Missiles
 m - 2 javelins (quivered)
 u - 51 poisoned needles
Armour
 a - a cursed +0 scale mail
 b - a +1 robe (worn)
 g - a +0 buckler
 j - a +0 helmet (worn)
 k - a +0 cloak (worn)
Jewellery
 h - an amulet of the gourmand (around neck)
 p - an uncursed amulet of dismissal
 s - a ring of wizardry (left hand)
 x - an uncursed ring of protection from cold
 D - a ring of positive energy (right hand)
Wands
 J - a wand of acid (5/15)
 K - a wand of acid (8/15)
Scrolls
 i - a scroll of acquirement {unknown}
 l - a scroll of enchant armour {unknown}
 w - a scroll of fog
 y - a scroll of enchant weapon {unknown}
 z - a scroll of recharging {unknown}
 B - a scroll of immolation
 E - a scroll of magic mapping {unknown}
 G - a scroll of amnesia {unknown}
 L - a scroll of fear {unknown}
Potions
 n - 6 potions of flight
 q - 3 potions of curing
 t - a potion of might {unknown}
 v - 2 potions of cure mutation
 I - 2 potions of lignification
Books
 c - a book of Maledictions

   Spells                             Type                      Level
   a - Corona                         Hexes                        1
   b - Ensorcelled Hibernation        Hexes/Ice                    2
   c - Confuse                        Hexes                        3
   d - Tukima's Dance                 Hexes                        3
   e - Dazzling Spray                 Conjuration/Hexes            3
 H - a book of Conjurations

   Spells                             Type                      Level
   a - Magic Dart                     Conjuration                  1
   b - Searing Ray                    Conjuration                  2
   c - Dazzling Spray                 Conjuration/Hexes            3
   d - Fulminant Prism                Conjuration/Hexes            4
   e - Iskenderun's Mystic Blast      Conjuration                  4
   f - Iskenderun's Battlesphere      Conjuration/Charms           5
Comestibles
 d - 7 bread rations
 o - 3 fruits
 r - 3 meat rations
 A - a royal jelly
 F - a slice of pizza
 M - a chunk of flesh


   Skills:
 + Level 4.1 Fighting
 + Level 4.2 Short Blades
 + Level 4.2 Dodging
 - Level 8.0 Stealth
 - Level 6.1 Spellcasting
 + Level 8.1 Hexes
 + Level 2.6 Invocations


You had 5 spell levels left.
You knew the following spells:

 Your Spells              Type           Power        Failure   Level  Hunger
a - Corona                Hex            ####...      1%          1    None
c - Confuse               Hex            ####....     1%          3    ##.....
d - Tukima's Dance        Hex            ####....     1%          3    ##.....
e - Ensorcelled Hibernat  Hex/Ice        ###...       1%          2    None
f - Fulminant Prism       Conj/Hex       ###.......   10%         4    ####...
s - Dazzling Spray        Conj/Hex       ###...       4%          3    ##.....


Dungeon Overview and Level Annotations

Branches:
Dungeon (8/15)             Temple (1/1) D:6            Lair (0/8) D:8

Altars:
Ashenzari
Cheibriados
Elyvilon
Fedhas
Gozag
Hepliaklqana
Kikubaaqudgha
Makhleb
Nemelex Xobeh
Okawaru
Pakellas
Qazlal
Ru
Sif Muna
Trog
Ukayaw
Vehumet
Xom
Yredelemnul
Zin
The Shining One

Shops:
D:4 (


Innate Abilities, Weirdness & Mutations

You have razor-sharp teeth.
You heal very quickly.
When hurt, damage is shared between your health and your magic reserves.
Your bite disrupts and absorbs the magic of your enemies.
Potions and wands cannot restore your health.
You are immune to rotting.


Message History

Reactivating autopickup.
You feel a bit more experienced.
* * * LOW HITPOINT WARNING * * *
You feel sick.
You take 1 damage, and have 2/73 hp.
You are too berserk!
Welcome back, beholder the Vine Stalker Enchanter.
Press ? for a list of commands and other information.
* * * LOW HITPOINT WARNING * * *
You feel sick.
Things that are here:
a robe; a dagger; an orc corpse You feel a strong urge to attack something.
You are no longer berserk.
You pass out from exhaustion.
You feel yourself slow down.
* * * LOW HITPOINT WARNING * * *
You feel sick.
The centaur screams, "I'll kill you anyway!"
You die...

..............#
...............##
#.................#
#................?##
#...c.............#
#...............# ##
#..............# #.##
#.....@§§....# ##..##
##....§§§...# #....##
#....§§§§.># #..)..##
##...§§§§§##
#......####.......§§#
##.....##...##..##..#
##......######## #.#
####......# ...
#....#....## ....


You could see a centaur (confused).

Vanquished Creatures
  Psyche (D:8)
  A kobold demonologist (Sewer)
  Grinder (Sewer)
  Sigmund (D:3)
  A hippogriff (D:8)
  Menkaure (D:7)
  A water moccasin (D:6)
  The ghost of pedritolo the Ruffian, an amateur VSMo (D:3)
  A phantom (D:7)
  2 ogres
  A big kobold (Sewer)
  7 giant frogs
  2 scorpions
  3 killer bees (D:7)
  4 wights (D:5)
  2 crimson imps (D:3)
  A giant frog zombie (D:3)
  A howler monkey (D:7)
  A centaur zombie (D:7)
  3 hounds
  An orc priest (D:5)
  2 giant frog skeletons
  5 orc wizards
  Terence (D:2)
  2 iguanas
  4 worker ants
  3 big kobold zombies (Sewer)
  A hound skeleton (D:4)
  11 adders
  4 shadow imps
  An ufetubus (Sewer)
  3 oozes (Sewer)
  An adder skeleton (D:4)
  4 worms
  A dart slug (D:4)
  5 giant geckos
  13 orcs
  10 giant cockroaches
  2 hobgoblins
  6 jackals (D:3)
  3 quokkas
  2 ball pythons
  5 bats
  A giant gecko skeleton (D:6)
  3 giant newts
  5 goblins
  19 kobolds
  3 rats
157 creatures vanquished.

Vanquished Creatures (collateral kills)
  A wight (D:5)
1 creature vanquished.

Vanquished Creatures (others)
  4 dancing weapons (D:5)
  A big kobold (Sewer)
  A big kobold zombie (Sewer)
  A kobold zombie (Sewer)
  2 fulminant prisms (D:7)
9 creatures vanquished.

Grand Total: 167 creatures vanquished

Notes
Turn   | Place    | Note
--------------------------------------------------------------
     0 | D:1      | beholder the Vine Stalker Enchanter began the quest for the Orb.
     0 | D:1      | Reached XP level 1. HP: 9/9 MP: 4/4
    56 | D:1      | Reached skill level 1 in Short Blades
   259 | D:1      | Reached XP level 2. HP: 13/13 MP: 6/6
   264 | D:1      | Learned a level 2 spell: Ensorcelled Hibernation
   523 | D:2      | Found a shattered altar of Ashenzari.
   523 | D:2      | Found a deep blue altar of Sif Muna.
   685 | D:2      | Reached XP level 3. HP: 12/16 MP: 4/7
   747 | D:2      | Noticed Terence
   756 | D:2      | Learned a level 3 spell: Confuse
   762 | D:2      | Killed Terence
  1158 | D:2      | Reached XP level 4. HP: 19/21 MP: 0/9
  1166 | D:2      | Learned a level 3 spell: Tukima's Dance
  1516 | D:3      | Found an ancient bone altar of Kikubaaqudgha.
  1517 | D:3      | Noticed Sigmund
  1529 | D:3      | Killed Sigmund
  1529 | D:3      | Reached skill level 5 in Stealth
  1529 | D:3      | Reached XP level 5. HP: 24/24 MP: 7/11
  1583 | D:3      | Gained mutation: You heal very quickly. [Vine Stalker growth]
  1583 | D:3      | Reached XP level 6. HP: 28/28 MP: 12/12
  1588 | D:3      | Learned a level 3 spell: Dazzling Spray
  1678 | D:3      | Found an oddly glowing altar of Pakellas.
  1679 | D:3      | Noticed pedritolo's ghost (amateur VSMo)
  1722 | D:3      | Killed pedritolo's ghost
  1749 | D:3      | Found a glowing drain.
  1767 | Sewer    | Entered a sewer
  2118 | Sewer    | Found a burning altar of Makhleb.
  2136 | Sewer    | Reached skill level 5 in Hexes
  2140 | Sewer    | Noticed an apprentice kobold demonologist
  2167 | Sewer    | Killed an apprentice kobold demonologist
  2167 | Sewer    | Reached skill level 5 in Spellcasting
  2167 | Sewer    | Reached XP level 7. HP: 23/32 MP: 4/15
  2171 | Sewer    | Noticed Grinder
  2240 | Sewer    | Killed Grinder
  2283 | Sewer    | Gained mutation: You have razor-sharp teeth. [Vine Stalker growth]
  2283 | Sewer    | Reached XP level 8. HP: 36/36 MP: 10/17
  2976 | D:4      | Found a glowing golden altar of the Shining One.
  3131 | D:4      | Found a hazy altar of Hepliaklqana.
  3292 | D:4      | Upgraded the game from 0.19-a0-277-g85cb9a5 to 0.19-a0-291-ga637243
  3313 | D:4      | Reached skill level 1 in Fighting
  3569 | D:4      | Found Jat Gys's Weapon Shoppe.
  3795 | D:5      | Entered Level 5 of the Dungeon
  4489 | D:5      | Reached XP level 9. HP: 40/42 MP: 17/19
  4639 | D:5      | Found a glowing silver altar of Zin.
  4640 | D:5      | Noticed an angel
  4739 | D:6      | Found a snail-covered altar of Cheibriados.
  4980 | D:6      | Found a staircase to the Ecumenical Temple.
  4989 | Temple   | Entered the Ecumenical Temple
  5030 | Temple   | Became a worshipper of Ukayaw the Reveler
  5050 | D:6      | Learned a level 4 spell: Fulminant Prism
  5131 | D:6      | Reached * piety under Ukayaw
  5502 | D:7      | Noticed Menkaure
  5510 | D:7      | Reached ** piety under Ukayaw
  5522 | D:7      | Killed Menkaure
  5541 | D:7      | Reached *** piety under Ukayaw
  5610 | D:7      | Reached skill level 1 in Invocations
  6055 | D:8      | Found a staircase to the Lair.
  6058 | D:8      | Noticed Psyche
  6079 | D:8      | Killed Psyche
  6079 | D:8      | Reached XP level 10. HP: 4/49 MP: 17/20
  6079 | D:8      | HP: 3/73 [poisoned by an orc wizard]
  6085 | D:8      | HP: 1/49 [poisoned by an orc wizard]
  6086 | D:8      | Succumbed to an orc wizard's poison

Vault maps used:
D:1:      minmay_arrival_wavy_path
D:2:      amethyst_overflow_temple_binary, serial_aquarium,
          aquarium_bridge_long_joined, aquarium_bridge_square,
          aquarium_window_fake, aquarium_window_1, aquarium_window_corner,
          aquarium_view_2f, aquarium_view_2e, uniq_terence
D:3:      lemuel_doored_altar, kiku_gazebo_pond_becter, gup_sewer_entry_pipe,
          uniq_sigmund
D:4:      lemuel_round_altar, nicolae_overflow_hidden_temple, serial_shops, shop
D:5:      zin_angel, first_bread
D:6:      slow_altar_1, minmay_temple_entry_hall
D:7:      serial_curves, eino_curves_01, eino_curves_04, eino_curves_02,
          uniq_menkaure
D:8:      kennysheep_little_box, lair_0_dummy, uniq_psyche
Temple:   circular_temple_13
Sewer:    kennysheep_sewer_church

Skill      XL: |  1  2  3  4  5  6  7  8  9 |
---------------+----------------------------+-----
Short Blades   | 1 2 4 |  4.2
Stealth        | 4 5 6 7 8 |  8.0
Spellcasting   | 3 5 6 |  6.1
Hexes          | 4 5 7 8 |  8.1
Fighting       | 2 4 |  4.1
Dodging        | 2 4 |  4.2
Invocations    | 2 |  2.6

Action                   |  1- 3 |  4- 6 |  7- 9 | 10-12 || total
-------------------------+-------+-------+-------+-------++-------
Melee: Dagger            |    39 |   132 |   127 |       ||   298
       Bite              |     7 |    28 |    58 |     1 ||    94
       Knife             |       |       |   112 |     3 ||   115
Throw: Javelin           |       |       |     5 |       ||     5
 Cast: Corona            |     2 |       |       |       ||     2
       Ensorcelled Hiber |     3 |    13 |    36 |       ||    52
       Confuse           |       |    12 |    18 |       ||    30
       Dazzling Spray    |       |     1 |     3 |       ||     4
       Tukima's Dance    |       |       |     7 |       ||     7
       Fulminant Prism   |       |       |     2 |       ||     2
Invok: Stomp             |       |       |     1 |       ||     1
       Line Pass         |       |       |     1 |       ||     1
  Use: Scroll            |       |     9 |     4 |       ||    13
       Potion            |       |     2 |     2 |       ||     4
 Stab: Sleeping          |     5 |     9 |    42 |       ||    56
       Confused          |       |     4 |     9 |       ||    13
       Invisible         |       |     2 |     1 |       ||     3
       Distracted        |       |       |     1 |       ||     1
       Paralysed         |       |       |       |     1 ||     1
  Eat: Chunk             |       |     5 |    23 |       ||    28
       Pizza             |       |       |     1 |       ||     1
       Meat ration       |       |       |     1 |       ||     1
Armor: Robe              |    12 |    52 |    34 |       ||    98
Dodge: Dodged            |    24 |    70 |   132 |     1 ||   227
